Map: Triton LE

Players

DnS - Winner!

  • Race: Protoss Protoss
  • Spawn Location: 11:00

Bly

  • Race: Zerg Zerg
  • Spawn Location: 5:00

VOD

Have the link to the VOD?

Description

Time

  • Played on: Sept. 6, 2019, 4:02 p.m.
  • Length: 9:07
Show
View Real Time Build Order
Export as new Build Order

DnS Protoss - Winner!

Build Orders: Archon Immortal 

Get SALT Encoding   

  12  0:00  Probe  
  13  0:12  Probe  
  14  0:18  Pylon  
  14  0:24  Probe  
  15  0:32  Probe  
  15  0:40  Gateway, Probe  
  16  0:46  Assimilator  
  17  0:51  Probe  
  18  1:03  Probe  
  19  1:15  Probe  
  20  1:18  Zealot  
  20  1:24  Gateway  
  20  1:27  Probe  
  20  1:29  Cybernetics Core  
  23  1:35  Pylon  
  23  1:51  Zealot  
  23  1:53  Probe  
  26  1:55  Assimilator  
  26  2:05  Probe  
  27  2:10  Adept  
  27  2:11  Adept  
  29  2:20  Pylon  
  29  2:22  Warp Gate  
  31  2:45  Probe  
  31  2:46  Nexus  
  31  2:49  Sentry  
  34  2:58  Probe  
  37  3:01  Robotics Facility  
  35  3:10  Pylon, Probe  
  36  3:19  Probe  
  37  3:27  Probe  
  38  3:36  Probe  
  39  3:45  Immortal  
  39  3:49  Pylon  
  40  4:03  Phoenix  
  40  4:09  Sentry x2  
  44  4:11  Shield Battery  
  44  4:13  Probe x2  
  44  4:23  Warp Prism, Gateway  
  42  4:24  Gateway  
  42  4:25  Probe x2  
  46  4:33  Stalker  
  46  4:37  Probe x2  
  50  4:40  Sentry  
  52  4:49  Probe  
  52  4:51  Probe  
  54  4:58  Probe  
  54  5:00  Assimilator  
  54  5:01  Immortal, Assimilator  
  54  5:04  Probe  
  54  5:06  Probe  
  61  5:16  Pylon, Probe x2  
  63  5:23  Twilight Council  
  63  5:25  Forge  
  63  5:28  Probe x2  
  65  5:40  Probe x2  
  67  5:43  Immortal  
  67  5:48  Pylon  
  71  5:50  Protoss Ground Weapons Level 1  
  71  5:53  Charge  
  71  6:21  Gateway, Stalker  
  71  6:22  Gateway  
  71  6:23  Immortal  
  77  6:30  Templar Archives  
  77  6:31  Gateway  
  77  6:38  Gateway, Pylon  
  77  6:40  Pylon  
  77  6:52  Immortal  
  77  6:57  Zealot  
  83  7:08  Pylon  
  83  7:09  High Templar x2  
  83  7:13  Zealot  
  83  7:14  Archon  
  89  7:17  Zealot x2  
  93  7:29  High Templar x2  
  97  7:30  Pylon x2  
  97  7:33  Pylon, Archon  
  94  7:46  Zealot x4  
  102  7:51  Pylon  
  102  7:52  Pylon  
  102  8:01  Zealot x2  
  102  8:02  Zealot x2  
  104  8:17  Zealot x4  
  112  8:25  Zealot x2  
  112  8:26  Zealot x2  
  100  8:43  Zealot x4  
  100  8:50  Zealot x4  
Show
View Real Time Build Order
Export as new Build Order

Bly Zerg 

Build Orders: 3 Hatch before Pool 

Get SALT Encoding   

  12  0:01  Drone  
  13  0:14  Drone  
  14  0:19  Overlord  
  14  0:28  Extractor  
  14  0:29  Drone  
  15  0:37  Drone x2  
  17  0:54  Hatchery  
  16  1:15  Hatchery  
  16  1:17  Drone  
  16  1:21  Drone  
  16  1:24  Drone  
  18  1:34  Extractor  
  18  1:39  Spawning Pool  
  16  1:42  Drone  
  16  1:46  Drone  
  18  1:52  Drone  
  19  2:02  Drone  
  19  2:07  Drone  
  21  2:11  Drone  
  22  2:22  Hatchery  
  21  2:28  Queen x2  
  26  2:34  Overlord  
  26  2:40  Metabolic Boost  
  25  2:47  Zergling x6  
  28  2:54  Zergling x2  
  28  2:55  Zergling x4  
  31  3:04  Queen  
  33  3:09  Overlord  
  33  3:25  Zergling x6  
  36  3:29  Overlord  
  36  3:34  Overlord  
  36  3:38  Zergling x10  
  41  3:55  Overlord  
  39  4:00  Drone x6  
  41  4:06  Drone  
  39  4:12  Drone x3  
  40  4:18  Drone x3  
  40  4:24  Drone x3  
  46  4:33  Drone x2  
  46  4:34  Queen  
  46  4:37  Overlord  
  50  4:42  Roach Warren  
  50  4:44  Drone x2  
  51  4:52  Drone x2  
  53  4:57  Overlord  
  53  4:59  Extractor  
  53  5:00  Extractor, Drone x2  
  53  5:06  Overlord  
  53  5:18  Zergling x10  
  58  5:31  Drone x3  
  58  5:33  Overlord  
  58  5:35  Roach x5  
  70  5:49  Roach x4  
  77  5:54  Lair  
  75  6:00  Roach x5  
  75  6:01  Overlord  
  84  6:06  Zergling x10  
  87  6:20  Zergling x8  
  91  6:30  Zergling x14  
  91  6:31  Zergling x8  
  102  6:32  Spore Crawler  
  102  6:39  Spore Crawler  
  100  6:43  Overlord x3  
  100  6:50  Overlord  
  102  6:54  Overseer  
  102  6:56  Overseer  
  102  6:57  Glial Reconstitution, Overlord x2  
  102  7:10  Ravager  
  102  7:11  Drone x3  
  102  7:12  Extractor  
  105  7:16  Zergling x2  
  105  7:17  Zergling x10  
  105  7:19  Ravager x5  
  115  7:33  Drone x8  
  120  7:40  Baneling Nest, Drone x3, Extractor  
  120  7:44  Baneling Nest  
  121  7:45  Roach  
  121  7:46  Zergling x4  
  125  7:55  Zergling x12  
  125  7:57  Ravager x3  
  132  8:07  Zergling x6  
  132  8:11  Spine Crawler  
  132  8:12  Spine Crawler x2  
  116  8:18  Roach x7  
  112  8:36  Roach  
  112  8:37  Roach x5  
  105  8:47  Roach x6  
Tags
 
Add a new tag
Caveats
  • Supply blocks, unpowered buildings, or Contaminate may cause inaccurate times.
  • Supply counts are checked every 10 seconds.